 Dungeon Crawl Stone Soup version 0.29.0-4-gdea44cf6ec (webtiles) character file.

Game seed: 5436005486824777913

385 qw the Ruffian (level 6, 0/59 HPs)
             Began as a Troll Cinder Acolyte on Sept 1, 2022.
             Was a High Priest of Ignis.
             Slain by Sigmund
             ... wielding a +0 scythe
              (9 damage)
             ... on level 4 of the Dungeon.
             The game lasted 00:01:42 (2895 turns).

qw the Ruffian (Troll Cinder Acolyte)               Turns: 2895, Time: 00:01:42

Health: 0/59       AC:  4    Str: 31    XL:     6   Next: 48%
Magic:  6/6        EV:  9    Int: 10    God:    Ignis [*****.]
Gold:   1324       SH:  0    Dex:  5    Spells: 7/7 levels left

rFire   + . .      SeeInvis .     - Unarmed
rCold   . . .      Faith    .   (no shield)
rNeg    . . .      Spirit   .   a - +0 robe
rPois   .          Reflect  .   (helmet restricted)
rElec   .          Harm     .   (no cloak)
rCorr   .          Rampage  .   (gloves unavailable)
Will    .....                   (boots unavailable)
Stlth   +.........              (no amulet)
HPRegen 0.99/turn               i - +6 ring of strength
MPRegen 0.10/turn               (no ring)

@: no status effects
A: large, unfitting armour, claws 3, regeneration 1, shaggy fur 1, tough skin 1
a: Renounce Religion, Fiery Armour, Foxfire Swarm, Rising Flame


You were on level 4 of the Dungeon.
You worshipped Ignis.
Ignis was extremely pleased with you.
You visited 1 branch of the dungeon, and saw 4 of its levels.

You collected 1324 gold pieces.


Innate Abilities, Weirdness & Mutations

You are too large for most types of armour.
You have claws for hands.
Your natural rate of healing is unusually fast.
You are covered in fur. (AC +1)
You have tough skin. (AC +1)


   Skills:
 - Level 2.4 Fighting
 + Level 7.4 Unarmed Combat
 - Level 1.0 Spellcasting
 - Level 2.1 Fire Magic


You had 7 spell levels left.
You didn't know any spells.
Your spell library contained the following spells:

 Spells                   Type           Power      Damage    Failure   Level
 Scorch                   Fire           8%         2d5       22%         2

Inventory:

Armour
 a - a +0 robe (worn)
Jewellery
 i - a +6 ring of strength (left claw)
Scrolls
 b - a scroll of identify
 o - a scroll of teleportation
Potions
 c - a potion of mutation
 d - a potion of cancellation
 e - a potion of curing
 f - a potion of attraction {unknown}
 h - a potion of might {unknown}
 j - a potion of degeneration {unknown}
 k - a potion of resistance {unknown}
 p - a potion of flight {unknown}

Dungeon Overview and Level Annotations

Branches:
Dungeon (4/15)
 Temple: D:4-7

Altars:

Shops:
D:2 :   D:3 (

Annotations:
D:4 Sigmund


Message History

Something hits you.
You swing at nothing.
Something hits you.
You swing at nothing.
You swing at nothing.
Something hits you.
You swing at nothing.
You swing at nothing.
Something hits you.
You swing at nothing.
You swing at nothing.
Something hits you.
You swing at nothing.
Something hits you.
You swing at nothing.
You swing at nothing.
Something hits you.
You swing at nothing.
You swing at nothing.
Something hits you.
You swing at nothing.
You swing at nothing.
Something hits you but does no damage.
You swing at nothing.
Something hits you.
You swing at nothing.
You swing at nothing.
A magic dart appears from out of thin air!
The magic dart hits you.
You swing at nothing.
Something hits you.
You swing at nothing.
You swing at nothing.
Something hits you.
You swing at nothing.
You swing at nothing.
Something hits you.
You swing at nothing.
Something hits you!
You die...

...................
..................#
.#.#....(.........#
...##.............#
.............#....#
.............#.#{##
...##.............#
................@.#
.)##..#...........#
.....##.#####.....##
.....#### ###....#
##...# #...## ##.##
##.## ### ###


There were no monsters in sight!

Vanquished Creatures
  A gnoll bouda (D:4)
  3 orc priests
  3 orc wizards (D:4)
  5 gnolls
  6 adders
  A worm (D:3)
  3 dart slugs
  8 orcs
  11 bats
  9 endoplasms
  5 giant cockroaches
  3 goblins
  7 hobgoblins
  5 jackals (D:4)
  2 ball pythons
  5 frilled lizards
  5 kobolds
  6 rats
88 creatures vanquished.

Vanquished Creatures (others)
  2 plants (D:1)
2 creatures vanquished.

Grand Total: 90 creatures vanquished

Notes
Turn   | Place    | Note
-------+----------+-------------------------------------------
     0 | D:1      | qw the Troll Cinder Acolyte began the quest for the Orb.
     0 | D:1      | Reached XP level 1. HP: 22/22 MP: 1/1
     0 | D:1      | 0 ||| qw: Version: 0.1-a-97-g2dd2ca4
     0 | D:1      | 0 ||| qw: Game counter: 4843
     0 | D:1      | 0 ||| qw: Always use a shield: true
     0 | D:1      | 0 ||| qw: God list: Okawaru
     0 | D:1      | 0 ||| qw: Allow faded altars: false
     0 | D:1      | 0 ||| qw: Do Orc after D:15 true
     0 | D:1      | 0 ||| qw: Do second Lair branch before Depths: true
     0 | D:1      | 0 ||| qw: Lair rune preference: random
     0 | D:1      | 0 ||| qw: Plans: Normal
     0 | D:1      | 0 ||| PLANNING D:1-11
    21 | D:1      | Found a faded altar of an unknown god.
    24 | D:1      | 24 ||| Stepping ~*~*~tactically~*~*~ (hiding).
   336 | D:1      | Reached XP level 2. HP: 29/29 MP: 2/2
   572 | D:1      | You fall into a shaft and drop 1 floor!
   573 | D:2      | 573 ||| READING scroll labelled VOPLUK GU NOIFFO.
   574 | D:2      | 574 ||| READING scroll labelled SIONUA WYWE.
   575 | D:2      | 575 ||| READING scroll labelled USERO ERGHONA.
   576 | D:2      | 576 ||| READING scroll labelled PISIRERUFI.
   585 | D:2      | 585 ||| Stepping ~*~*~tactically~*~*~ (outnumbered).
   587 | D:2      | 587 ||| Stepping ~*~*~tactically~*~*~ (outnumbered).
   595 | D:2      | Reached skill level 4 in Unarmed Combat
   602 | D:2      | 602 ||| INVOKING Fiery Armour.
   603 | D:2      | Reached XP level 3. HP: 15/36 MP: 3/3
   622 | D:2      | 622 ||| FLEEEEING.
   623 | D:2      | 623 ||| FLEEEEING.
   624 | D:2      | 624 ||| FLEEEEING.
   626 | D:2      | 626 ||| STAIRDANCE
  1042 | D:1      | 1042 ||| READING scroll labelled NEPHUH QOSI.
  1043 | D:1      | 1043 ||| READING scroll labelled VAZA OHUVA.
  1098 | D:2      | 1098 ||| Stepping ~*~*~tactically~*~*~ (hiding).
  1114 | D:2      | Found Nisuelon's Book Boutique.
  1139 | D:2      | 1139 ||| Stepping ~*~*~tactically~*~*~ (stealth).
  1151 | D:2      | 1151 ||| Stepping ~*~*~tactically~*~*~ (stealth).
  1666 | D:2      | Reached XP level 4. HP: 44/44 MP: 4/4
  1922 | D:2      | 1922 ||| UPGRADING to +6 ring of strength.
  1923 | D:2      | 1923 ||| READING scroll labelled DERUNG ZA MIPP.
  1923 | D:2      | Identified a scroll of acquirement
  1923 | D:2      | 1923 ||| ACQUIRING 1083 gold pieces
  1923 | D:2      | Acquired 1083 gold pieces
  1925 | D:2      | 1925 ||| READING scroll labelled ULERYGOKKO.
  1926 | D:2      | 1926 ||| READING 3 scrolls of identify.
  1926 | D:2      | 1926 ||| IDENTIFYING sapphire potion
  1927 | D:2      | 1927 ||| READING 2 scrolls of identify.
  1927 | D:2      | 1927 ||| IDENTIFYING metallic clear potion
  1980 | D:3      | Reached skill level 5 in Unarmed Combat
  1984 | D:3      | Found Tinoin's Antique Weapon Shoppe.
  1992 | D:3      | 1992 ||| Stepping ~*~*~tactically~*~*~ (stealth).
  1995 | D:3      | 1995 ||| Stepping ~*~*~tactically~*~*~ (stealth).
  2004 | D:3      | 2004 ||| INVOKING Fiery Armour.
  2011 | D:3      | Reached XP level 5. HP: 44/50 MP: 5/5
  2028 | D:3      | 2028 ||| Stepping ~*~*~tactically~*~*~ (outnumbered).
  2060 | D:3      | Reached skill level 6 in Unarmed Combat
  2260 | D:3      | 2260 ||| Stepping ~*~*~tactically~*~*~ (outnumbered).
  2261 | D:3      | 2261 ||| Stepping ~*~*~tactically~*~*~ (outnumbered).
  2620 | D:3      | 2620 ||| DROPPING amulet of magic regeneration.
  2621 | D:3      | 2621 ||| READING scroll labelled JER VIJICZEMPETSU.
  2622 | D:3      | 2622 ||| READING 2 scrolls labelled BIASOY RUGU.
  2626 | D:3      | 2626 ||| READING scroll labelled BICIMEGAAKO.
  2627 | D:3      | 2627 ||| READING scroll labelled UGY GUCROLI.
  2628 | D:3      | 2628 ||| DRINKING 2 dark potions.
  2629 | D:3      | 2629 ||| READING 2 scrolls of identify.
  2629 | D:3      | 2629 ||| IDENTIFYING yellow potion
  2630 | D:3      | 2630 ||| DROPPING potion of magic.
  2644 | D:4      | 2644 ||| INVOKING Fiery Armour.
  2646 | D:4      | 2646 ||| STAIRDANCE
  2651 | D:4      | 2651 ||| STAIRDANCE
  2657 | D:4      | 2657 ||| STAIRDANCE
  2661 | D:4      | 2661 ||| STAIRDANCE
  2696 | D:4      | 2696 ||| Stepping ~*~*~tactically~*~*~ (outnumbered).
  2697 | D:4      | 2697 ||| Stepping ~*~*~tactically~*~*~ (outnumbered).
  2703 | D:4      | Reached XP level 6. HP: 59/59 MP: 6/6
  2707 | D:4      | 2707 ||| Stepping ~*~*~tactically~*~*~ (hiding).
  2710 | D:4      | 2710 ||| Stepping ~*~*~tactically~*~*~ (hiding).
  2711 | D:4      | 2711 ||| Stepping ~*~*~tactically~*~*~ (hiding).
  2715 | D:4      | Reached skill level 7 in Unarmed Combat
  2717 | D:4      | 2717 ||| Stepping ~*~*~tactically~*~*~ (outnumbered).
  2720 | D:4      | 2720 ||| Stepping ~*~*~tactically~*~*~ (outnumbered).
  2722 | D:4      | 2722 ||| Stepping ~*~*~tactically~*~*~ (outnumbered).
  2732 | D:4      | 2732 ||| Stepping ~*~*~tactically~*~*~ (outnumbered).
  2733 | D:4      | 2733 ||| Stepping ~*~*~tactically~*~*~ (outnumbered).
  2839 | D:4      | Noticed Sigmund
  2887 | D:4      | HP: 13/59 [something (6)]
  2892 | D:4      | HP: 8/59 [something (2)]
  2895 | D:4      | Slain by Sigmund

Levels and vault maps discovered:
D:1:      dpeg_arrival_lava_temple_mockup, layout_basic,
          dreamdust_ecumenical_altar_statues, serial_forest,
          infiniplex_forest_lined_room_3, infiniplex_forest_clump_small,
          infiniplex_forest_end_double, infiniplex_forest_clump_double,
          minmay_tetromino_s4
D:2:      layout_basic, serial_corexii_hall, corexii_hall_statues_l,
          corexii_hall_statues_x, corexii_hall_statues_u, serial_shops,
          nicolae_shop_crystal, minmay_split_cup_large
D:3:      wander_river, layout_basic, serial_shops, shop, minmay_vboxes
D:4:      layout_cave_pools, lemuel_doored_altar, uniq_blork_the_orc,
          uniq_grinder, uniq_sigmund

Skill      XL: |  1  2  3  4  5  6 |
---------------+-------------------+-----
Unarmed Combat | 4 5 6 7 |  7.4
Fighting       | |  2.4
Spellcasting   | |  1.0
Fire Magic     | |  2.1

Action                   |  1- 3 |  4- 6 || total
-------------------------+-------+-------++-------
Melee: Unarmed           |    86 |    88 ||   174
       Punch             |       |     1 ||     1
Invok: Fiery Armour      |     1 |     2 ||     3
  Use: Scroll            |     6 |     9 ||    15
       Potion            |       |     1 ||     1
Armor: Robe              |    36 |    63 ||    99
Dodge: Dodged            |    30 |    49 ||    79

Table legend:
 A = Non-vault XP
 B = Vault XP
 C = Vault XP percentage of total XP
 D = Non-vault monster count
 E = Vault monster count
 F = Vault count percentage of total count
                 A         B        C        D         E       F
            +---------+---------+-------+---------+---------+-------
      Total |     511 |      40 |   7.3 |      74 |      14 |  15.9
            +---------+---------+-------+---------+---------+-------
        D:1 |      27 |       1 |   3.6 |      15 |       1 |   6.2
        D:2 |      68 |       5 |   6.8 |      19 |       4 |  17.4
        D:3 |     157 |      34 |  17.8 |      20 |       9 |  31.0
        D:4 |     259 |       0 |   0.0 |      20 |       0 |   0.0
            +---------+---------+-------+---------+---------+-------
